 Dungeon Crawl Stone Soup version 0.31-a0-151-ge443d1f16c (webtiles) character file.

Game seed: 16376896188219620819

9 qw the Shooter (level 2, 0/17 HPs)
             Began as a Gargoyle Hunter on June 8, 2023.
             Slain by a jackal (2 damage)
             ... on level 1 of the Dungeon.
             The game lasted 00:00:04 (73 turns).

qw the Shooter (Gargoyle Hunter)                      Turns: 73, Time: 00:00:04

Health: 0/17       AC:  5    Str: 14    XL:     2   Next: 12%
Magic:  2/2        EV: 11    Int:  9    God:
Gold:   5          SH:  0    Dex: 13    Spells: 1/1 levels left

rFire   . . .        a - +0 shortbow
rCold   . . .        (shield currently unavailable)
rNeg    + . .        c - +0 leather armour
rPois   inf          (no helmet)
rElec   +            (no cloak)
rCorr   .            (no gloves)
SInv    .            (no boots)
Will    .....        (no amulet)
Stlth   +            (no ring)
HPRegen 0.22/turn    (no ring)
MPRegen 0.08/turn

%: no passive effects
@: no status effects
A: sickness immunity, AC +2, negative energy resistance 1, electricity
resistance, torment resistance 1, petrification resistance
a: no special abilities


You were on level 1 of the Dungeon.
You visited 1 branch of the dungeon, and saw 1 of its levels.

You collected 5 gold pieces.


Innate Abilities, Weirdness & Mutations

You are immune to sickness and miasma.
Your stone body is resilient. (AC +2)
You are immune to poison.
You resist negative energy. (rN+)
You are resistant to electric shocks. (rElec)
You are resistant to unholy torment.
You are immune to petrification.


   Skills:
 - Level 2.1 Fighting
 + Level 4.4 Ranged Weapons
 - Level 1.5 Dodging
 - Level 1.1 Stealth


You had one spell level left.
You didn't know any spells.
Your spell library was empty.

Inventory:

Hand Weapons
 a - a +0 shortbow (weapon)
Armour
 c - a +0 leather armour (worn)
Scrolls
 b - a scroll of butterflies
 d - a scroll of teleportation {unknown}

Dungeon Overview and Level Annotations

Branches:
Dungeon (1/15)

Altars:


Message History

You kill the jackal!
The jackal barely misses you. The goblin hits you but does no damage.
The jackal closely misses you.
You have reached level 2!
You shoot an arrow. The arrow closely misses the goblin.
The quokka bites you. The goblin hits you but does no damage.
The jackal barely misses you. The quokka bites you.
The goblin hits you with a +0 dagger.
You shoot an arrow. The arrow hits the goblin!
You kill the goblin!
The jackal closely misses you. The bat barely misses you. The quokka bites you.
The jackal bites you but does no damage.
You shoot an arrow. The arrow barely misses the jackal.
The bat barely misses you. The quokka closely misses you.
The jackal barely misses you. The bat hits you but does no damage.
The quokka barely misses you.
The jackal bites you but does no damage.
You shoot an arrow. The arrow hits the ball python.
The ball python is severely wounded.
The jackal bites you but does no damage.
The quokka closely misses you. The ball python closely misses you. x2
The jackal bites you.
The quokka bites you but does no damage.
You shoot an arrow.
The arrow hits the ball python but does no damage.
The ball python is severely wounded.
The jackal closely misses you. The ball python bites you.
The ball python misses you. The quokka misses you.
The jackal closely misses you.
The ball python bites you but does no damage.
The ball python barely misses you.
You shoot an arrow.
The arrow barely misses the ball python.
The quokka barely misses you. The jackal closely misses you.
The ball python bites you but does no damage.
The ball python grabs you. The ball python constricts you.
The quokka bites you.
You shoot an arrow. The arrow hits the ball python!
You kill the ball python!
The bat hits you. The jackal bites you.
You die...

#.......#
#.......#
#.......#
#....!..#
#.......#
#.......#
#hrb....# #@.....#
#......# #######
#......# #......
#......# #......
#......# #......
#......#####......
#.................
######..%.%.......
#............


You could see a quokka, a jackal and a bat.

Vanquished Creatures
  A bat (D:1)
  A goblin (D:1)
  A hobgoblin (D:1)
  2 jackals (D:1)
  A quokka (D:1)
  2 ball pythons (D:1)
8 creatures vanquished.

Notes
Turn   | Place    | Note
-------+----------+-------------------------------------------
     0 | D:1      | qw the Gargoyle Hunter began the quest for the Orb.
     0 | D:1      | Reached XP level 1. HP: 12/12 MP: 1/1
     0 | D:1      | 0 ||| qw: Version: 0.2-a-120-gdf1a93b
     0 | D:1      | 0 ||| qw: Game counter: 3060
     0 | D:1      | 0 ||| qw: Always use a shield: true
     0 | D:1      | 0 ||| qw: God list: Okawaru
     0 | D:1      | 0 ||| qw: Allow faded altars: false
     0 | D:1      | 0 ||| qw: Do Orc after D:15 true
     0 | D:1      | 0 ||| qw: Do second Lair branch before Depths: true
     0 | D:1      | 0 ||| qw: Lair rune preference: random
     0 | D:1      | 0 ||| qw: Plans: Normal
     0 | D:1      | 0 ||| PLANNING D:1-11
    67 | D:1      | Reached XP level 2. HP: 17/17 MP: 2/2
    72 | D:1      | HP: 2/17 [quokka (3)]
    73 | D:1      | Slain by a jackal

Levels and vault maps discovered:
D:1:      evilmike_arrival_hilbert_curve, layout_basic

Action                     || total
---------------------------++-------
   Fire: Shortbow          ||    28
 Armour: Leather armour    ||    10
  Dodge: Dodged            ||    26

Table legend:
 A = Non-vault XP
 B = Vault XP
 C = Vault XP percentage of total XP
 D = Non-vault monster count
 E = Vault monster count
 F = Vault count percentage of total count
                 A         B        C        D         E       F
            +---------+---------+-------+---------+---------+-------
      Total |      15 |       0 |   0.0 |       8 |       0 |   0.0
            +---------+---------+-------+---------+---------+-------
        D:1 |      15 |       0 |   0.0 |       8 |       0 |   0.0
            +---------+---------+-------+---------+---------+-------
